 Dungeon Crawl Stone Soup version 0.25-a0-1073-gf4359a17dd (webtiles) character file.

Game seed: 15702889838507546491, levelgen mode: deterministic

217 Flugslaktarn the Chopper (level 5, -7/28 HPs)
             Began as a Vine Stalker Fighter on May 14, 2020.
             Mangled by an ogre
             ... wielding a cursed -3 giant spiked club
              (18 damage)
             ... on level 3 of the Dungeon.
             The game lasted 00:01:24 (1898 turns).

Flugslaktarn the Chopper (Vine Stalker Fighter)     Turns: 1898, Time: 00:01:25

Health: -7/28      AC:  7    Str: 18    XL:     5   Next: 94%
Magic:  0/6        EV:  7    Int:  8    God:
Gold:   154        SH:  9    Dex: 15    Spells: 4/4 levels left

rFire    . . .     SeeInvis .   a - +1 war axe
rCold    . . .     Gourm    .   c - +0 kite shield
rNeg     . . .     Faith    .   b - +1 scale mail
rPois    .         Spirit   +   (no helmet)
rElec    .         Reflect  .   (no cloak)
rCorr    +         Harm     .   (no gloves)
MR       .....                  (no boots)
Stlth    ..........             (no amulet)
HPRegen  0.49/turn              k - ring of resist corrosion
MPRegen  0.10/turn              (no ring)

@: no status effects
A: fangs 2, regeneration 1, magic shield, antimagic bite, no potion heal 3, rot
immunity
a: no special abilities


You were on level 3 of the Dungeon.
You were not hungry.

You visited 1 branch of the dungeon, and saw 3 of its levels.

You collected 154 gold pieces.

Inventory:

Hand Weapons
 a - a +1 war axe (weapon)
Armour
 b - a +1 scale mail (worn)
 c - a +0 kite shield (worn)
Jewellery
 k - a ring of resist corrosion (left hand)
   (You found it on level 3 of the Dungeon)
 s - an uncursed ring of ice
   (You found it on level 2 of the Dungeon)
Scrolls
 t - 3 scrolls of teleportation
 x - a scroll of remove curse
 z - 2 scrolls of blinking
Potions
 d - a potion of might
 h - a potion of lignification {unknown}
Comestibles
 e - 7 rations
 f - 8 chunks of flesh


   Skills:
 + Level 3.5 Fighting
 * Level 3.6 Axes
 + Level 3.2 Armour
 + Level 3.5 Shields


You had 4 spell levels left.
You didn't know any spells.
Your spell library was empty.

Dungeon Overview and Level Annotations

Branches:
Dungeon (3/15)

Altars:
Hepliaklqana

Annotations:
D:3 3 runed translucent doors, mohdhamm's ghost, amateur HOBe


Innate Abilities, Weirdness & Mutations

You have extremely sharp teeth.
Your natural rate of healing is unusually fast.
When hurt, damage is shared between your health and your magic reserves.
Your bite disrupts and absorbs the magic of your enemies.
Potions cannot restore your health.
You are immune to rotting.


Message History

The jackal barely misses you.
You hit the ogre.
The ogre is moderately wounded.
You hit the jackal.
The jackal bites you but does no damage.
The ogre completely misses you.
The jackal bites you but does no damage.
The jackal barely misses you.
You closely miss the jackal. You bite the jackal, but do no damage.
The jackal is almost dead.
You hit the ogre. You miss the jackal. You block the jackal's attack.
The jackal barely misses you. The ogre closely misses you.
The jackal bites you. The jackal closely misses you.
Your shield prevents you from hitting the jackal.
The jackal is severely wounded.
You barely miss the jackal. You hit the ogre. You block the jackal's attack.
The jackal bites you.
The ogre hits you with a cursed -3 giant spiked club!!
Ouch! That really hurt!
You die...

#####
###...h###
#....$O@.#
......h#.#
...[####.#
..# ##.# .
#..# #.##
#.# #.#
######.#


You could see an ogre and 2 jackals.

Vanquished Creatures
  2 orc priests (D:3)
  An orc wizard (D:3)
  4 adders (D:2)
  An ooze (D:1)
  4 worms
  A dart slug (D:2)
  3 leopard geckos
  4 orcs (D:3)
  2 ball pythons
  4 giant cockroaches
  13 goblins
  6 hobgoblins
  A jackal (D:3)
  3 quokkas
  10 bats
  A frilled lizard (D:1)
  7 kobolds
  5 rats
72 creatures vanquished.

Notes
Turn   | Place    | Note
-------+----------+-------------------------------------------
     0 | D:1      | Flugslaktarn the Vine Stalker Fighter began the quest for
                  | the Orb.
     0 | D:1      | Reached XP level 1. HP: 11/11 MP: 2/2
   129 | D:1      | Reached XP level 2. HP: 16/16 MP: 3/3
   608 | D:2      | Reached XP level 3. HP: 19/19 MP: 4/4
   782 | D:2      | Gained mutation: Your natural rate of healing is unusually
                  | fast. [Vine Stalker growth]
   782 | D:2      | Reached XP level 4. HP: 10/24 MP: 2/5
  1663 | D:3      | Found a hazy altar of Hepliaklqana.
  1669 | D:3      | Reached XP level 5. HP: 28/28 MP: 6/6
  1786 | D:3      | Found a runed translucent gate.
  1786 | D:3      | Found a runed translucent gate.
  1786 | D:3      | Found a runed translucent gate.
  1827 | D:3      | Noticed mohdhamm's ghost (amateur HOBe)
  1892 | D:3      | Noticed an ogre
  1898 | D:3      | Mangled by an ogre

Illustrated notes

Levels and vault maps discovered:
D:1:      doesnt_arrival_eight_statues, layout_rooms
D:2:      layout_loops_corners, minivault_25
D:3:      layout_rooms, old_standard_altar, gammafunk_ghost_icy,
          lightli_corner_chamber

Skill      XL: |  1  2  3  4 |
---------------+-------------+-----
Axes           | 2 3 |  3.6
Fighting       | 3 |  3.5
Shields        | 3 |  3.5
Armour         | 3 |  3.2

Action                   |  1- 3 |  4- 6 || total
-------------------------+-------+-------++-------
Melee: War axe           |    89 |   103 ||   192
       Bite              |    23 |    30 ||    53
  Use: Scroll            |       |    10 ||    10
  Eat: Chunk             |       |     4 ||     4
Armor: Scale mail        |    37 |    38 ||    75
Dodge: Dodged            |    25 |    35 ||    60
Block: Kite shield       |    46 |    49 ||    95

Table legend:
 A = Non-vault XP
 B = Vault XP
 C = Vault XP percentage of total XP
 D = Non-vault monster count
 E = Vault monster count
 F = Vault count percentage of total count
                 A         B        C        D         E       F
            +---------+---------+-------+---------+---------+-------
      Total |     311 |       0 |   0.0 |      72 |       0 |   0.0
            +---------+---------+-------+---------+---------+-------
        D:1 |      30 |       0 |   0.0 |      16 |       0 |   0.0
        D:2 |     114 |       0 |   0.0 |      33 |       0 |   0.0
        D:3 |     167 |       0 |   0.0 |      23 |       0 |   0.0
            +---------+---------+-------+---------+---------+-------
